 Dungeon Crawl Stone Soup version 0.23.2-1-ga50397a (webtiles) character file.

Game seed: 9466044569391650866

4053 Fizzle the Cleaver (level 10, -2/68 HPs)
             Began as an Octopode Fighter on June 1, 2019.
             Was a Believer of Okawaru.
             Slain by an elephant (5 damage)
             ... while petrified by a basilisk
             ... on level 9 of the Dungeon.
             The game lasted 00:33:47 (12294 turns).

Fizzle the Cleaver (Octopode Fighter)              Turns: 12294, Time: 00:33:48

Health: -2/68      AC:  1    Str: 16      XL:     10   Next: 24%
Magic:  14/14      EV:  2    Int: 12      God:    Okawaru [**....]
Gold:   483        SH:  0    Dex: 12 (13) Spells: 13/15 levels left

rFire    + . .     SeeInvis .   e - +3 broad axe
rCold    . . .     Gourm    .   b - +0 shield
rNeg     + + +     Faith    .   (helmet restricted)
rPois    ∞         Spirit   .   v - +5 amulet of reflection
rElec    .         Reflect  +   l - ring of protection from fire
rCorr    .         Harm     .   r - ring of wizardry
MR       .....                  (no ring)
Stlth    +++++.....             (no ring)
HPRegen  0.21/turn              (no ring)
MPRegen  0.14/turn              (no ring)
                                (no ring)
                                (no ring)

@: petrified, heroism
A: almost no armour, stealthy swim, amphibious, 8 rings, constrict 8, camouflage
1, gelatinous body 1
a: Heroism, Renounce Religion


You were on level 9 of the Dungeon.
You worshipped Okawaru.
Okawaru was pleased with you.
You were not hungry.

You visited 2 branches of the dungeon, and saw 10 of its levels.

You collected 483 gold pieces.

Inventory:

Hand Weapons
 a - a +0 war axe
 e - a +3 broad axe (weapon)
 s - a +0 blowgun
Missiles
 f - 21 poisoned needles
 q - 7 tomahawks (quivered)
 t - 6 curare-tipped needles
Armour
 b - a +0 shield (worn)
Jewellery
 l - a ring of protection from fire (left tentacle)
 r - a ring of wizardry (right tentacle)
 v - a +5 amulet of reflection (around mantle)
 x - an uncursed ring of fire
Wands
 h - a wand of enslavement (20)
Scrolls
 j - a scroll of blinking {unknown}
 k - a scroll of remove curse
 n - a scroll of fog
 u - a scroll of amnesia {unknown}
 y - 4 scrolls of identify
 B - a scroll of enchant armour {unknown}
Potions
 c - 2 potions of ambrosia {unknown}
 g - a potion of heal wounds
 i - 2 potions of invisibility {unknown}
 m - 2 potions of might
 o - 7 potions of curing
 p - 2 potions of haste {unknown}
 w - 2 potions of brilliance {unknown}
 z - a potion of berserk rage {unknown}
 A - a potion of agility {unknown}
Comestibles
 d - 21 rations


   Skills:
 + Level 6.2(11.2) Fighting
 + Level 9.3(14.3) Axes
 + Level 0.2(5.2) Throwing
 - Level 3.9(8.9) Dodging
 - Level 4.1(9.1) Stealth
 * Level 7.5(12.5) Shields
 + Level 3.0 Spellcasting
 + Level 3.4 Hexes
 * Level 2.7 Invocations


You had 13 spell levels left.
You knew the following spells:

 Your Spells              Type           Power        Failure   Level  Hunger
a - Confusing Touch       Hex            ##....       3%          1    #......
b - Animate Skeleton      Necr           N/A          13%         1    #......

Your spell library contained the following spells:

 Spells                   Type           Power        Failure   Level  Hunger
 Apportation              Tloc           #.....       13%         1    #......
 Summon Small Mammal      Summ           #...         13%         1    #......


Dungeon Overview and Level Annotations

Branches:
Dungeon (9/15)             Temple (1/1) D:6            Lair (0/6) D:9
    Orc: D:9-12

Altars:
Ashenzari
Cheibriados
Dithmenos
Elyvilon
Fedhas
Gozag
Hepliaklqana
Kikubaaqudgha
Makhleb
Nemelex Xobeh
Okawaru
Qazlal
Ru
Sif Muna
Trog
Uskayaw
Vehumet
Wu Jian
Xom
Yredelemnul
Zin
The Shining One

Shops:
D:4 =

Annotations:
D:3 exclusion: downstairs
D:4 exclusion: downstairs
D:8 1 exclusion


Innate Abilities, Weirdness & Mutations

You cannot wear most types of armour.
You are very stealthy in the water. (Stealth+)
You are amphibious.
You can wear up to eight rings at the same time.
You can use your tentacles to constrict eight enemies at once.
Your skin changes colour to match your surroundings (Stealth+).
Your rubbery body absorbs attacks. (AC +1, EV +1)


Message History

The elephant tramples you.
* * * LOW HITPOINT WARNING * * *
You hold your ground!
The elephant trunk-slaps you.
* * * LOW HITPOINT WARNING * * *
You hit the elephant.
You squeeze the elephant, but do no damage.
The elephant is almost dead.
You hit the basilisk. The basilisk bites you!
* * * LOW HITPOINT WARNING * * *
The elephant closely misses you. The elephant trunk-slaps you.
* * * LOW HITPOINT WARNING * * *
The basilisk gazes at you.
Your limbs have turned to stone.
You have turned to stone.
The elephant tramples you.
* * * LOW HITPOINT WARNING * * *
You hold your ground!
The elephant trunk-slaps you.
* * * LOW HITPOINT WARNING * * *
The basilisk gazes at you. The elephant tramples you!
You die...

#..........#.#.#..........+.....#
...........#...#........ #..#..#
....[......##'##........ ####...
........................ ....
########.......#......... ....
.......#.......#........ .....
.......#.......#........ ....
.......#########........ ....
...............Y@l...... ....
##.......############### ....
#.....### ... #.....# #######


You could see an elephant and a basilisk.

Vanquished Creatures
  A spriggan (D:7)
  5 yaks (D:9)
  A wyvern (D:9)
  A basilisk (D:9)
  An orc warrior (D:4)
  3 ice beasts
  A black bear (D:7)
  A sky beast (D:8)
  A phantom (D:8)
  A hornet zombie (D:6)
  6 ogres
  2 centaurs
  A big kobold (D:7)
  Blork the orc (D:4)
  A scorpion (D:8)
  3 howler monkeys
  3 crimson imps (D:5)
  A centaur zombie (D:6)
  A bullfrog zombie (D:5)
  2 jellies
  A quasit (D:9)
  2 hounds
  3 orc priests
  A centaur skeleton (D:5)
  An iguana (D:5)
  5 orc wizards
  7 worker ants
  A killer bee zombie (D:6)
  A worker ant zombie (D:6)
  A howler monkey skeleton (D:5)
  7 gnolls
  12 adders
  2 shadow imps
  4 adder skeletons
  6 worms
  8 leopard geckos
  27 orcs
  A ball python (D:2)
  8 giant cockroaches
  5 goblins
  9 hobgoblins
  13 jackals
  4 quokkas
  11 bats
  2 frilled lizards
  3 hobgoblin zombies (D:9)
  21 kobolds
  2 kobold skeletons (D:9)
  3 kobold zombies (D:9)
  2 leopard gecko skeletons
  A leopard gecko zombie (D:5)
  An orc skeleton (D:9)
  A quokka skeleton (D:6)
  8 rats
221 creatures vanquished.

Vanquished Creatures (others)
  A centaur (D:7)
1 creature vanquished.

Grand Total: 222 creatures vanquished

Notes
Turn   | Place    | Note
-------+----------+-------------------------------------------
     0 | D:1      | Fizzle the Octopode Fighter began the quest for the Orb.
     0 | D:1      | Reached XP level 1. HP: 16/16 MP: 1/1
   215 | D:1      | Reached XP level 2. HP: 21/21 MP: 2/2
   516 | D:1      | Reached XP level 3. HP: 21/26 MP: 3/3
  1186 | D:2      | Reached skill level 1 in Stealth
  1186 | D:2      | Reached XP level 4. HP: 29/31 MP: 4/4
  1558 | D:2      | Learned a level 1 spell: Confusing Touch
  1790 | D:2      | Found a burning altar of Makhleb.
  2164 | D:3      | Reached skill level 3 in Axes
  2169 | D:3      | Reached XP level 5. HP: 36/36 MP: 5/5
  3233 | D:4      | Reached XP level 6. HP: 36/43 MP: 6/6
  3467 | D:4      | Found a stormy altar of Qazlal.
  3493 | D:4      | Noticed an orc warrior
  3506 | D:4      | Found an opulent altar of Gozag.
  3575 | D:4      | Got a crude lead ring
  3576 | D:4      | Identified the ring of Jieg {*Tele MR+ Str+4} (You found it
                  | on level 4 of the Dungeon)
  3600 | D:4      | Reached skill level 4 in Axes
  3713 | D:4      | Found Ehih Soytz's Jewellery Boutique.
  3804 | D:4      | Noticed Blork the orc
  4367 | D:4      | Killed an orc warrior
  4367 | D:4      | Reached skill level 1 in Spellcasting
  4367 | D:4      | Reached skill level 1 in Hexes
  4367 | D:4      | Reached XP level 7. HP: 32/47 MP: 6/8
  4600 | D:4      | Found a basalt altar of Yredelemnul.
  4679 | D:4      | Killed Blork the orc
  4798 | D:4      | Found a sparkling altar of Nemelex Xobeh.
  4798 | D:4      | Found a hazy altar of Hepliaklqana.
  4802 | D:4      | Found a shadowy altar of Dithmenos.
  4803 | D:4      | Found a snail-covered altar of Cheibriados.
  4894 | D:5      | Entered Level 5 of the Dungeon
  5075 | D:5      | Reached skill level 5 in Axes
  5315 | D:5      | Found a white marble altar of Elyvilon.
  5458 | D:5      | Reached XP level 8. HP: 54/54 MP: 10/10
  5972 | D:6      | Reached skill level 6 in Axes
  6125 | D:6      | Found a staircase to the Ecumenical Temple.
  6613 | D:5      | Found a sparkling altar of Nemelex Xobeh.
  7887 | Temple   | Entered the Ecumenical Temple
  8239 | D:6      | Reached skill level 5 in Shields
  8384 | D:6      | Reached XP level 9. HP: 41/60 MP: 13/13
  8538 | D:6      | Reached skill level 5 in Fighting
  8602 | D:6      | Found a shattered altar of Ashenzari.
  8693 | D:6      | Reached skill level 7 in Axes
  9298 | D:7      | Learned a level 1 spell: Animate Skeleton
  9656 | D:7      | Found an iron altar of Okawaru.
  9668 | D:7      | Became a worshipper of Warmaster Okawaru
 10419 | D:8      | Reached skill level 8 in Axes
 10533 | D:8      | Found a shimmering altar of Xom.
 10547 | D:8      | Found a shadowy altar of Dithmenos.
 10689 | D:8      | Found a radiant altar of Vehumet.
 10813 | D:8      | Reached * piety under Okawaru
 11400 | D:9      | Reached skill level 1 in Invocations
 11587 | D:9      | Found a glowing golden altar of the Shining One.
 11773 | D:9      | Reached skill level 9 in Axes
 11773 | D:9      | Reached XP level 10. HP: 49/68 MP: 14/14
 11900 | D:9      | Reached ** piety under Okawaru
 12118 | D:9      | Found a staircase to the Lair.
 12118 | D:9      | Noticed an elephant
 12293 | D:9      | HP: 3/68 [elephant (1)]
 12294 | D:9      | Slain by an elephant

Skill      XL: |  1  2  3  4  5  6  7  8  9 10 |
---------------+-------------------------------+-----
Stealth        | 1 3 4 |  4.1
Axes           | 3 4 5 6 9 |  9.3
Shields        | 4 5 7 |  7.5
Spellcasting   | 1 2 3 |  3.0
Hexes          | 1 2 3 |  3.4
Fighting       | 4 5 6 |  6.2
Invocations    | 1 2 |  2.7
Throwing       | |  0.2
Dodging        | |  3.9

Action                   |  1- 3 |  4- 6 |  7- 9 | 10-12 || total
-------------------------+-------+-------+-------+-------++-------
Melee: War axe           |    68 |   128 |   160 |       ||   356
       Constrict         |    19 |    33 |    46 |     1 ||    99
       Tentacles         |    12 |    20 |    60 |     9 ||   101
       Broad axe         |       |       |   143 |    44 ||   187
Throw: Tomahawk          |       |       |     4 |       ||     4
 Cast: Confusing Touch   |       |     2 |    21 |     3 ||    26
Invok: Heroism           |       |       |     1 |     1 ||     2
  Use: Potion            |     1 |       |     1 |     1 ||     3
       Scroll            |       |     4 |     8 |       ||    12
 Stab: Sleeping          |     1 |    20 |    25 |       ||    46
       Confused          |       |       |     7 |     2 ||     9
       Distracted        |       |       |     1 |       ||     1
  Eat: Chunk             |     1 |    10 |    21 |     1 ||    33
       Ration            |       |       |     1 |       ||     1
Armor: Skin              |     7 |     3 |     9 |       ||    19
Dodge: Dodged            |    34 |    41 |   115 |    13 ||   203
Block: Shield            |    33 |    43 |   174 |    32 ||   282
       Reflection        |       |       |     3 |       ||     3
